 Dungeon Sprint DCSS version 0.22.1-1-ga44c0e56f4 (webtiles) character file.

45 KleinerIrrer the Firebug (level 3, -3/24 HPs)
             Began as an Octopode Fire Elementalist on Nov 1, 2018.
             Was an Initiate of Gozag.
             Slain by a hell hound (5 damage)
             ... in the Dungeon (Sprint V: "Ziggurat Sprint").
             The game lasted 00:02:31 (87 turns).

KleinerIrrer the Firebug (Octopode Fire Elementalist) Turns: 87, Time: 00:02:32

Health: -3/24      AC:  1    Str: 19    XL:     3   Next: 64%
Magic:  6/7        EV:  7    Int: 30    God:    Gozag
Gold:   99         SH: 27    Dex: 24    Spells: 7/8 levels left

rFire    . . .     SeeInvis .   F - +7 Screaming Sword
rCold    . . .     Gourm    .   H - +18 shield of the Gong {rElec rN+ MR+ EV-5}
rNeg     + . .     Faith    .   (helmet restricted)
rPois    .         Spirit   .   (no amulet)
rElec    +         Reflect  .   t - +6 ring of dexterity
rCorr    .         Harm     .   u - +6 ring of dexterity
MR       +....     NoTele   +   v - +6 ring of intelligence
Stlth    ++++......             w - +6 ring of intelligence
HPRegen  0.08/turn              x - +6 ring of strength
MPRegen  0.10/turn              y - +6 ring of strength
                                (no ring)
                                (no ring)

@: gold aura
A: almost no armour, stealthy swim, amphibious, 8 rings, constrict 8, camouflage
1, gelatinous body 1
a: Potion Petition, Call Merchant, Bribe Branch, Renounce Religion


You were in the Dungeon.
You worshipped Gozag.
Gozag was noncommittal.
You were not hungry.

You visited 1 branch You collected 99 gold pieces.

Inventory:

Hand Weapons
 E - a +5 broad axe
 F - the +7 Screaming Sword (weapon)
   (You found it in the Dungeon)
 G - the +8 lance "Wyrmbane" {slay drac, rPois rF+ rC+ AC+3}
   (You found it in the Dungeon)

   It affects your AC (+3).
   It protects you from fire.
   It protects you from cold.
   It protects you from poison.
 I - the +6 Majin-Bo {vamp, Archmagi MP+6 Int+6}
   (You found it in the Dungeon)

   It inflicts no extra harm, but heals its wielder when it wounds a living foe.
   It affects your intelligence (+6).
   It affects your magic capacity (+6).
Armour
 H - the +18 shield of the Gong (worn) {rElec rN+ MR+ EV-5}
   (You found it in the Dungeon)

   It affects your evasion (-5).
   It insulates you from electricity.
   It protects you from negative energy.
   It affects your resistance to hostile enchantments.
Magical Staves
 z - an uncursed staff of energy
Jewellery
 t - a +6 ring of dexterity (left tentacle)
 u - a +6 ring of dexterity (right tentacle)
 v - a +6 ring of intelligence (on tentacle)
 w - a +6 ring of intelligence (on tentacle)
 x - a +6 ring of strength (on tentacle)
 y - a +6 ring of strength (on tentacle)
Wands
 B - a wand of disintegration (7)
 C - a wand of iceblast (7)
 D - a wand of acid (7)
Scrolls
 h - 4 scrolls of blinking
 n - 4 scrolls of amnesia
 o - 7 scrolls of fog
 p - a scroll of holy word
 q - 5 scrolls of identify
 r - 5 scrolls of remove curse
 s - 2 scrolls of fear
Potions
 a - 2 potions of brilliance
 c - 10 potions of curing
 d - 9 potions of heal wounds
 e - 6 potions of haste
 f - 7 potions of magic
 g - 3 potions of berserk rage
 i - 2 potions of invisibility
 j - 4 potions of resistance
 k - a potion of experience
 l - 5 potions of agility
 m - 5 potions of might
Miscellaneous
 A - a crystal ball of energy
Comestibles
 b - 7 rations


   Skills:
 * Level 1.7 Fighting
 * Level 2.9 Dodging
 - Level 2.6 Stealth
 * Level 1.6 Shields
 * Level 3.1 Spellcasting
 * Level 2.2 Conjurations
 * Level 5.4 Fire Magic


You had 7 spell levels left.
You knew the following spells:

 Your Spells              Type           Power        Failure   Level  Hunger
a - Flame Tongue          Conj/Fire      ####.        9%          1    None

Your spell library contained the following spells:

 Spells                   Type           Power        Failure   Level  Hunger
 Throw Flame              Conj/Fire      ####..       12%         2    #......
 Conjure Flame            Conj/Fire      ####....     24%         3    ##.....
 Inner Flame              Hex/Fire       ###.....     36%         3    ##.....
 Sticky Flame             Conj/Fire      ####....     63%         4    ####...
 Fireball                 Conj/Fire      ####......   92%         5    ######.


Dungeon Overview and Level Annotations

Branches:
Dungeon (1/1)

Altars:
Ashenzari
Cheibriados
Dithmenos
Elyvilon
Fedhas
Gozag
Hepliaklqana
Kikubaaqudgha
Makhleb
Nemelex Xobeh
Okawaru
Qazlal
Ru
Sif Muna
Trog
Uskayaw
Vehumet
Wu Jian
Xom
Yredelemnul
Zin
The Shining One
Beogh
Jiyva
Lugonu

Annotations:
D 1 transporter


Innate Abilities, Weirdness & Mutations

You cannot wear most types of armour.
You are very stealthy in the water. (Stealth+)
You are amphibious.
You can wear up to eight rings at the same time.
You can use your tentacles to constrict eight enemies at once.
Your skin changes colour to match your surroundings (Stealth+).
Your rubbery body absorbs attacks. (AC +1, EV +1)


Message History

* * * LOW HITPOINT WARNING * * *
You are too injured to fight recklessly!
Unknown command.
You feel much better. You block the hell hound's attack.
BONNNG!
You closely miss the hell hound. You grab the hell hound.
You squeeze the hell hound!
The hell hound is almost dead.
You constrict the hell hound, but do no damage.
The hell hound breathes flames at you. The blast of flame hits you!
Ouch! That really hurt!
* * * LOW HITPOINT WARNING * * *
You block the hell hound's attack.
GONNNNG!
You block the iron imp's attack.
BONNNG!
The hell hound bites you.
You die...
Your body crumbles into a pile of gold.

▓▓▓▓▓▓▓▓▓▓▓▓▓
▓.8©8.▓.8©8.▓
▓.)[|.▓.....▓
▓.....▓.}.}.▓
▓.5h..▓..)..▓
▓..@..▓.....▓
▓.....▓..©..▓
▓..©..▓▓▓▓▓▓▓
▓▓▓▓▓▓▓


You could see a hell hound and an iron imp.

Vanquished Creatures
  A wight (D)
  A bat skeleton (D)
  A leopard gecko skeleton (D)
3 creatures vanquished.

Notes
Turn   | Place    | Note
-------+----------+-------------------------------------------
     0 | D        | Found the +6 Majin-Bo {vamp, Archmagi MP+6 Int+6}
     0 | D        | Found the +7 great mace "Firestarter" {inner flame, rF++}
     0 | D        | KleinerIrrer the Octopode Fire Elementalist began the quest
                  | for the Orb.
     0 | D        | Reached XP level 1. HP: 11/11 MP: 3/3
     0 | D        | Found a deep blue altar of Sif Muna.
     0 | D        | Found a sacrificial altar of Ru.
     0 | D        | Found a bloodstained altar of Trog.
     0 | D        | Found a stormy altar of Qazlal.
     0 | D        | Found an iron altar of Okawaru.
     0 | D        | Found a sparkling altar of Nemelex Xobeh.
     0 | D        | Found a blossoming altar of Fedhas.
     2 | D        | Found a transporter.
     2 | D        | Found an ancient bone altar of Kikubaaqudgha.
     2 | D        | Found a viscous altar of Jiyva.
     2 | D        | Found a corrupted altar of Lugonu.
     2 | D        | Found a hazy altar of Hepliaklqana.
     2 | D        | Found a burning altar of Makhleb.
     2 | D        | Found an opulent altar of Gozag.
    39 | D        | Found the +9 heavy crossbow "Sniper" {velocity, Acc+∞ SInv}
    39 | D        | Found the +10 dark maul {crush}
    39 | D        | Found the +15 Maxwell's patent armour {-Cast -Tele rElec
                  | MR+ rCorr}
    39 | D        | Found the +18 shield of the Gong {rElec rN+ MR+ EV-5}
    39 | D        | Found the cursed +14 obsidian axe {chop, +Fly SInv *Curse}
    40 | D        | Found the +6 shillelagh "Devastator" {shatter}
    40 | D        | Found the +11 plutonium sword {*Contam Stlth-}
    40 | D        | Found the +8 lance "Wyrmbane" {slay drac, rPois rF+ rC+
                  | AC+3}
    40 | D        | Found the +9 sword of Zonguldrok {reap}
    40 | D        | Found the cursed +13 scythe of Curses {drain, *Curse}
    40 | D        | Found the +0 sword of Power
    40 | D        | Found the +7 mace of Variability {chain chaos}
    40 | D        | Found the +7 Singing Sword
    40 | D        | Found the +7 longbow "Piercer" {penet, EV-2}
    59 | D        | Became a worshipper of Gozag Ym Sagoz the Greedy
    66 | D        | Entered arena 2.
    66 | D        | Noticed a wight
    66 | D        | Found a transporter.
    69 | D        | Killed a wight
    69 | D        | Reached skill level 1 in Fighting
    69 | D        | Reached skill level 1 in Shields
    69 | D        | Reached skill level 5 in Fire Magic
    69 | D        | Reached XP level 2. HP: 19/19 MP: 4/6
    69 | D        | Reached XP level 3. HP: 24/24 MP: 4/7
    77 | D        | Entered arena 3.
    77 | D        | Noticed a hell hound
    77 | D        | Found a transporter.
    87 | D        | Slain by a hell hound

Skill      XL: |  1 |
---------------+----+-----
Fighting       | 1 |  1.7
Shields        | 1 |  1.6
Spellcasting   | 3 |  3.1
Conjurations   | 2 |  2.2
Fire Magic     | 5 |  5.4
Dodging        | |  2.9
Stealth        | |  2.6

Action                   || total
-------------------------++-------
Melee: Double sword      ||     9
       Constrict         ||     3
       Tentacles         ||     4
  Use: Potion            ||     1
Dodge: Dodged            ||     2
Block: Shield            ||    19
